A+ EAST
ASHEVILLE TOURISTS @ AUBURN DOUBLEDAYS
06/15/2041
 
TOP OF THE 1ST
Asheville Tourists batting - Pitching for Auburn Doubledays : LHP Kevin Carr
Pitching: LHP Kevin Carr
Batting: RHB Raúl Villa 0-0: Ball
1-0: Called Strike
1-1: Swinging Strike
1-2: Strikes out swinging
Batting: SHB José Morán 0-0: Swinging Strike
0-1: Foul Ball, location: 5FF
0-2: Foul Ball, location: 25FF
0-2: Ball
1-2: Strikes out swinging
Batting: RHB Lou Horn 0-0: Ball
1-0: Ground out 4-3 (Groundball, 4S, EV 79.4 MPH)
Top of the 1st over - 0 runs, 0 hits, 0 errors, 0 left on base; Asheville 0 - Auburn 0
BOTTOM OF THE 1ST
Auburn Doubledays batting - Pitching for Asheville Tourists : RHP Mario Alaniz
Pitching: RHP Mario Alaniz
Batting: LHB Jamie Smith 0-0: Ball
1-0: Called Strike
1-1: Ball
2-1: Ball
3-1: Called Strike
3-2: Base on Balls
Batting: RHB Julián Martínez 0-0: Swinging Strike
0-1: Ball
1-1: Bunted foul
1-2: Foul Ball, location: 9LDF
1-2: SINGLE (Groundball, 34D, EV 94.4 MPH)
Jamie Smith to second
Runner from 2nd tries for 3rd, SAFE, throw by RF made to third
Batting: RHB Marc McInnis 0-0: Ball
1-0: Ball
2-0: Foul Ball, location: 2F
2-1: Grounds into double play, 6-4-3 (Groundball, 6, EV 110.0 MPH)
Jamie Smith scores
Batting: RHB Thad Bunch 0-0: Swinging Strike
0-1: Ball
1-1: Swinging Strike
1-2: Foul Ball, location: 2F
1-2: Strikes out swinging
Bottom of the 1st over - 1 run, 1 hit, 0 errors, 0 left on base; Asheville 0 - Auburn 1
TOP OF THE 2ND
Asheville Tourists batting - Pitching for Auburn Doubledays : LHP Kevin Carr
Batting: LHB Héctor Jourdan 0-0: Called Strike
0-1: Ball
1-1: Ground out 4-3 (Groundball, 34, EV 102.5 MPH)
Batting: LHB Darren Gray 0-0: Ball
1-0: Fly out, F8 (Flyball, 78M, EV 86.9 MPH)
Batting: RHB Steve Kuhn 0-0: DOUBLE (Flyball, 8LXD, EV 91.9 MPH)
Batting: SHB Robinson Fernández 0-0: Ball
1-0: Ball
2-0: Ball
3-0: Base on Balls
Batting: LHB Kevin Crum 0-0: Ball
1-0: Ball
2-0: Foul Ball, location: 2F
2-1: Ball
3-1: Base on Balls
Steve Kuhn to third
Robinson Fernández to second
Batting: RHB Jorge Salas 0-0: Fielders Choice at 2nd, 6-4 (Groundball, 6, EV 99.4 MPH)
Top of the 2nd over - 0 runs, 1 hit, 0 errors, 3 left on base; Asheville 0 - Auburn 1
BOTTOM OF THE 2ND
Auburn Doubledays batting - Pitching for Asheville Tourists : RHP Mario Alaniz
Batting: RHB Julián Gonzáles 0-0: Called Strike
0-1: Ground out 6-3 (Groundball, 6D, EV 107.5 MPH)
Batting: RHB Marlon Wyatt 0-0: Foul Ball, location: 2F
0-1: Called Strike
0-2: Ball
1-2: Ball
2-2: SINGLE (Groundball, P, EV 80.6 MPH) (infield hit)
Batting: RHB Bernie Caine 0-0: Ball
1-0: SINGLE (Groundball, 6MD, EV 99.4 MPH)
Marlon Wyatt to second
Batting: RHB Jeremy Scott 0-0: Called Strike
0-1: Fly out, F8 (Flyball, 8LD, EV 89.4 MPH)
Batting: RHB Jeff Phillips 0-0: Ball
1-0: Swinging Strike
1-1: Foul Ball, location: 2F
1-2: Ball
2-2: DOUBLE (Flyball, 9LM, EV 109.4 MPH)
Marlon Wyatt scores
Bernie Caine to third
Batting: LHB Jamie Smith 0-0: Ball
1-0: Called Strike
1-1: Ball
2-1: Foul Ball, location: 3FF
2-2: Strikes out swinging
Bottom of the 2nd over - 1 run, 3 hits, 0 errors, 2 left on base; Asheville 0 - Auburn 2
TOP OF THE 3RD
Asheville Tourists batting - Pitching for Auburn Doubledays : LHP Kevin Carr
Batting: RHB Raúl Villa 0-0: Foul Ball, location: 9LSFF
0-1: Called Strike
0-2: Fly out, F9 (Line Drive, 9, EV 89.4 MPH)
Batting: SHB José Morán 0-0: Ball
1-0: Foul Ball, location: 25FF
1-1: Ball
2-1: SINGLE (Line Drive, 34D, EV 105.6 MPH)
Batting: RHB Lou Horn 0-0: Foul Ball, location: 2F
0-1: Ball
1-1: Swinging Strike
1-2: Ball
2-2: Ball
Wild Pitch!
José Morán to second
3-2: Strikes out looking
Batting: LHB Héctor Jourdan 0-0: Ball
1-0: Ball
2-0: Ball
3-0: Base on Balls
Batting: LHB Darren Gray 0-0: Called Strike
0-1: Foul Ball, location: 2RF
0-2: Ball
1-2: Strikes out swinging
Top of the 3rd over - 0 runs, 1 hit, 0 errors, 2 left on base; Asheville 0 - Auburn 2
BOTTOM OF THE 3RD
Auburn Doubledays batting - Pitching for Asheville Tourists : RHP Mario Alaniz
Batting: RHB Julián Martínez 0-0: Called Strike
0-1: Ball
1-1: Ball
2-1: Ground out 1-3 (Groundball, 13S, EV 71.9 MPH)
Batting: RHB Marc McInnis 0-0: Swinging Strike
0-1: Swinging Strike
0-2: Strikes out swinging
Batting: RHB Thad Bunch 0-0: Ball
1-0: Foul Ball, location: 2F
1-1: Foul Ball, location: 3DF
1-2: Foul Ball, location: 2F
1-2: Ball
2-2: Foul Ball, location: 5FF
2-2: Strikes out looking
Bottom of the 3rd over - 0 runs, 0 hits, 0 errors, 0 left on base; Asheville 0 - Auburn 2
TOP OF THE 4TH
Asheville Tourists batting - Pitching for Auburn Doubledays : LHP Kevin Carr
Batting: RHB Steve Kuhn 0-0: Fly out, F3 (Popup, 3S, EV 79.4 MPH)
Batting: SHB Robinson Fernández 0-0: DOUBLE (Line Drive, 5D, EV 102.5 MPH)
Batting: LHB Kevin Crum 0-0: Ball
1-0: Called Strike
1-1: Called Strike
1-2: Strikes out swinging
Batting: RHB Jorge Salas 0-0: Called Strike
0-1: Ball
1-1: Swinging Strike
1-2: Strikes out swinging
Top of the 4th over - 0 runs, 1 hit, 0 errors, 1 left on base; Asheville 0 - Auburn 2
BOTTOM OF THE 4TH
Auburn Doubledays batting - Pitching for Asheville Tourists : RHP Mario Alaniz
Pitching: RHP Raúl Baca
Batting: RHB Julián Gonzáles 0-0: Called Strike
0-1: Swinging Strike
0-2: Ball
1-2: Ball
2-2: Foul Ball, location: 2F
2-2: Strikes out swinging
Batting: RHB Marlon Wyatt 0-0: Ground out 4-3 (Groundball, 4M, EV 98.8 MPH)
Batting: RHB Bernie Caine 0-0: SINGLE (Flyball, 4D, EV 92.5 MPH)
Batting: RHB Jeremy Scott 0-0: Ball
1-0: Swinging Strike
1-1: Foul Ball, location: 2F
1-2: Ball
2-2: Ball
3-2: Foul Ball, location: 3SF
3-2: SINGLE (Line Drive, 89S, EV 92.5 MPH)
Bernie Caine to second
Bernie Caine to third
Batting: RHB Jeff Phillips 0-0: Foul Ball, location: 2F
0-1: Ball
1-1: Called Strike
1-2: Foul Ball, location: 5FF
1-2: Ball
2-2: Foul Ball, location: 23F
2-2: Ball
3-2: Fly out, F8 (Flyball, 8RD, EV 88.8 MPH)
Bottom of the 4th over - 0 runs, 2 hits, 0 errors, 2 left on base; Asheville 0 - Auburn 2
TOP OF THE 5TH
Asheville Tourists batting - Pitching for Auburn Doubledays : LHP Kevin Carr
Batting: RHB Raúl Villa 0-0: Ball
1-0: Ball
2-0: Ball
3-0: Called Strike
3-1: Foul Ball, location: 3F
3-2: Ground out U3 (Groundball, 34S, EV 86.9 MPH)
Batting: SHB José Morán 0-0: Ball
1-0: Foul Ball, location: 9LSF
1-1: Swinging Strike
1-2: SINGLE (Line Drive, 78S, EV 106.3 MPH)
Batting: RHB Lou Horn 0-0: Ball
1-0: Ball
2-0: Foul Ball, location: 9LSF
2-1: 2-RUN HOME RUN (Flyball, 9D, EV 96.3 MPH), Distance : 384 ft
Batting: LHB Héctor Jourdan 0-0: Ball
1-0: Swinging Strike
1-1: Ball
2-1: Ball
3-1: Base on Balls
Batting: LHB Darren Gray 0-0: Ball
1-0: 2-RUN HOME RUN (Flyball, 8RXD, EV 113.8 MPH), Distance : 460 ft
Batting: RHB Steve Kuhn 0-0: Ball
1-0: Ball
2-0: Ball
3-0: Base on Balls
Pitching: RHP Edgardo Bustamante
Batting: SHB Robinson Fernández 0-0: Called Strike
0-1: Hit by Pitch
Steve Kuhn to second
Batting: LHB Kevin Crum 0-0: Ball
1-0: Ball
2-0: Called Strike
2-1: Ball
3-1: Base on Balls
Steve Kuhn to third
Robinson Fernández to second
Batting: RHB Jorge Salas 0-0: Called Strike
0-1: Ball
Wild Pitch!
Steve Kuhn scores
Robinson Fernández to third
Kevin Crum to second
1-1: Foul Ball, location: 2LF
1-2: Strikes out swinging
Batting: RHB Raúl Villa 0-0: Ball
1-0: Ball
2-0: Called Strike
2-1: Swinging Strike
2-2: Ball
3-2: Base on Balls
Batting: SHB José Morán 0-0: Called Strike
0-1: Called Strike
0-2: Ball
1-2: Ball
2-2: Ball
3-2: SINGLE (Groundball, 4M, EV 88.8 MPH)
Robinson Fernández scores
Kevin Crum to third
Raúl Villa to second
Kevin Crum scores
Raúl Villa to third
Batting: RHB Lou Horn 0-0: Ball
1-0: DOUBLE (Line Drive, 9LM, EV 97.5 MPH)
Raúl Villa scores
José Morán to third
Pitching: RHP Jeremy Kennedy
Batting: LHB Héctor Jourdan 0-0: Ball
1-0: Ball
2-0: Called Strike
2-1: Ball
3-1: Base on Balls
Batting: LHB Darren Gray 0-0: Ball
1-0: Called Strike
1-1: Ground out 6-3 (Groundball, P, EV 86.9 MPH)
Top of the 5th over - 8 runs, 5 hits, 0 errors, 3 left on base; Asheville 8 - Auburn 2
BOTTOM OF THE 5TH
Auburn Doubledays batting - Pitching for Asheville Tourists : RHP Raúl Baca
Batting: LHB Jamie Smith 0-0: Called Strike
0-1: Ball
1-1: Ball
2-1: Fly out, F8 (Flyball, 89M, EV 96.3 MPH)
Batting: RHB Julián Martínez 0-0: Swinging Strike
0-1: Swinging Strike
0-2: Strikes out swinging
Batting: RHB Marc McInnis 0-0: Ball
1-0: Called Strike
1-1: Ball
2-1: DOUBLE (Line Drive, 9LM, EV 107.5 MPH)
Batting: RHB Thad Bunch 0-0: Fly out, F9 (Flyball, 89S, EV 95.6 MPH)
Bottom of the 5th over - 0 runs, 1 hit, 0 errors, 1 left on base; Asheville 8 - Auburn 2
TOP OF THE 6TH
Asheville Tourists batting - Pitching for Auburn Doubledays : RHP Jeremy Kennedy
Batting: RHB Steve Kuhn 0-0: Swinging Strike
0-1: Ball
1-1: Ball
2-1: Ground out 5-3 (Groundball, 56, EV 80.6 MPH)
Batting: SHB Robinson Fernández 0-0: Ball
1-0: Ball
2-0: Called Strike
2-1: Ball
3-1: Ground out 4-3 (Groundball, 4, EV 87.5 MPH)
Batting: LHB Kevin Crum 0-0: Ball
1-0: Ball
2-0: Called Strike
2-1: Ball
3-1: Foul Ball, location: 2F
3-2: Strikes out looking
Top of the 6th over - 0 runs, 0 hits, 0 errors, 0 left on base; Asheville 8 - Auburn 2
BOTTOM OF THE 6TH
Auburn Doubledays batting - Pitching for Asheville Tourists : RHP Raúl Baca
Batting: RHB Julián Gonzáles 0-0: Ball
1-0: Ball
2-0: Swinging Strike
2-1: Swinging Strike
2-2: Ball
3-2: Base on Balls
Pitching: RHP Augusto Ramírez
Batting: RHB Marlon Wyatt 0-0: Swinging Strike
0-1: Ball
1-1: Called Strike
Julián Gonzáles is caught stealing 2nd base 2-4
1-2: Foul Ball, location: 3F
1-2: Ball
2-2: Strikes out swinging
Batting: RHB Bernie Caine 0-0: SOLO HOME RUN (Flyball, 7D, EV 103.1 MPH), Distance : 389 ft
Batting: RHB Jeremy Scott 0-0: Ball
1-0: SINGLE (Line Drive, 5D, EV 94.4 MPH)
Batting: RHB Jeff Phillips 0-0: Called Strike
0-1: Fly out, F7 (Flyball, 7, EV 90.0 MPH)
Bottom of the 6th over - 1 run, 2 hits, 0 errors, 1 left on base; Asheville 8 - Auburn 3
TOP OF THE 7TH
Asheville Tourists batting - Pitching for Auburn Doubledays : RHP Jeremy Kennedy
Batting: RHB Jorge Salas 0-0: Ball
1-0: Ball
2-0: Ground out 4-3 (Groundball, 4, EV 86.3 MPH)
Batting: RHB Raúl Villa 0-0: Ground out U3 (Groundball, 3, EV 90.0 MPH)
Batting: SHB José Morán 0-0: Ball
1-0: Foul Ball, location: 7LDF
1-1: Foul Ball, location: 2F
1-2: Ball
2-2: Ball
3-2: Foul Ball, location: 5DF
3-2: Strikes out swinging
Top of the 7th over - 0 runs, 0 hits, 0 errors, 0 left on base; Asheville 8 - Auburn 3
BOTTOM OF THE 7TH
Auburn Doubledays batting - Pitching for Asheville Tourists : RHP Augusto Ramírez
Batting: LHB Jamie Smith 0-0: Ball
1-0: Swinging Strike
1-1: Foul Ball, location: 2F
1-2: Foul Ball, location: 2F
1-2: Ball
2-2: Ball
3-2: Single, Error in OF, E8, batter to second base (Line Drive, 4MD, EV 100.6 MPH)
Batting: RHB Julián Martínez 0-0: Ball
Jamie Smith steals 3rd base (no throw)
1-0: Swinging Strike
1-1: 2-RUN HOME RUN (Flyball, 7D, EV 98.8 MPH), Distance : 386 ft
Pitching: LHP Joaquín Álvarez
Batting: RHB Marc McInnis 0-0: Ball
1-0: Called Strike
1-1: Swinging Strike
1-2: Ground out 3-1 (Groundball, 34, EV 83.1 MPH)
Batting: RHB Thad Bunch 0-0: Called Strike
0-1: Swinging Strike
0-2: Ball
1-2: Strikes out looking
Batting: RHB Julián Gonzáles 0-0: Ball
1-0: Foul Ball, location: 3F
1-1: Ball
2-1: Swinging Strike
2-2: Ball
3-2: Base on Balls
Batting: RHB Marlon Wyatt 0-0: Foul Ball, location: 5F
0-1: Ball
1-1: Ball
2-1: Fly out, F7 (Flyball, 7LM, EV 97.5 MPH)
Bottom of the 7th over - 2 runs, 2 hits, 1 error, 1 left on base; Asheville 8 - Auburn 5
TOP OF THE 8TH
Asheville Tourists batting - Pitching for Auburn Doubledays : RHP Jeremy Kennedy
Batting: RHB Lou Horn 0-0: Called Strike
0-1: Ball
1-1: Ground out 4-3 (Groundball, 4S, EV 85.6 MPH)
Batting: LHB Héctor Jourdan 0-0: Called Strike
0-1: Called Strike
0-2: Ball
1-2: Foul Ball, location: 5DF
1-2: Ball
2-2: Foul Ball, location: 2F
2-2: Fly out, F6 (Popup, 6, EV 60.6 MPH)
Batting: LHB Darren Gray 0-0: Ball
1-0: Called Strike
1-1: Fly out, F8 (Flyball, 8LM, EV 96.9 MPH)
Top of the 8th over - 0 runs, 0 hits, 0 errors, 0 left on base; Asheville 8 - Auburn 5
BOTTOM OF THE 8TH
Auburn Doubledays batting - Pitching for Asheville Tourists : LHP Joaquín Álvarez
Batting: RHB Bernie Caine 0-0: Ball
1-0: Ball
2-0: Ball
3-0: Called Strike
3-1: Foul Ball, location: 2F
3-2: Base on Balls
Batting: RHB Jeremy Scott 0-0: Called Strike
0-1: Swinging Strike
0-2: Ball
1-2: Grounds into double play, 5-4-3 (Groundball, 5S, EV 93.1 MPH)
Pinch Hitting: SHB José Hernández 0-0: Called Strike
0-1: Called Strike
0-2: Ground out 3-1 (Groundball, 34, EV 80.0 MPH)
Bottom of the 8th over - 0 runs, 0 hits, 0 errors, 0 left on base; Asheville 8 - Auburn 5
TOP OF THE 9TH
Asheville Tourists batting - Pitching for Auburn Doubledays : RHP Jeremy Kennedy
Now in LF: José Hernández
Batting: RHB Steve Kuhn 0-0: Called Strike
0-1: Swinging Strike
0-2: Ball
1-2: Fly out, F8 (Flyball, 8RD, EV 104.4 MPH)
Batting: SHB Robinson Fernández 0-0: Foul Ball, location: 5F
0-1: Ball
1-1: Ball
2-1: Ball
3-1: Foul Ball, location: 9LSF
3-2: Base on Balls
Pitching: LHP José Ramírez
Batting: LHB Kevin Crum 0-0: Ball
1-0: Foul Ball, location: 5SF
1-1: Ball
2-1: Ball
3-1: Fly out, F4 (Popup, 4M, EV 66.3 MPH)
Pitching: RHP Juan Sánchez
Batting: RHB Jorge Salas 0-0: Ball
1-0: Ball
2-0: Foul Ball, location: 5FF
2-1: Foul Ball, location: 3F
2-2: Ball
Robinson Fernández steals 2nd base
3-2: Strikes out looking
Top of the 9th over - 0 runs, 0 hits, 0 errors, 1 left on base; Asheville 8 - Auburn 5
BOTTOM OF THE 9TH
Auburn Doubledays batting - Pitching for Asheville Tourists : LHP Joaquín Álvarez
Now at 1B: Lou Horn
Now at 2B: Jimmy Davidson
Now at 3B: Jorge Salas
Now at SS: José Morán
Batting: LHB Jamie Smith 0-0: Called Strike
0-1: Ball
1-1: Foul Ball, location: 7LDF
1-2: Strikes out swinging
Batting: RHB Julián Martínez 0-0: Ball
1-0: Foul Ball, location: 9LDF
1-1: Swinging Strike
1-2: Strikes out looking
Batting: RHB Marc McInnis 0-0: Swinging Strike
0-1: Foul Ball, location: 2F
0-2: Ball
1-2: Strikes out looking
Bottom of the 9th over - 0 runs, 0 hits, 0 errors, 0 left on base; Asheville 8 - Auburn 5
Monday, April 1st , 2024 - OOTP Baseball 24.10 Build 82